Map: 트라이튼 - 래더

Players

INnoVation

  • Race: Terran Terran
  • League: Grandmaster
  • Spawn Location: 11:00

IntoTheZoun (Zoun) - Winner!

  • Race: Protoss Protoss
  • League: Master
  • Spawn Location: 5:00

VOD

Have the link to the VOD?

Description

Time

  • Played on: Jan. 8, 2020, 5:46 a.m.
  • Length: 8:28
Show
View Real Time Build Order
Export as new Build Order

INnoVation Terran 

Build Orders: Reaper Expand 

Get SALT Encoding   

  12  0:00  SCV  
  13  0:12  SCV  
  14  0:17  Supply Depot  
  14  0:24  SCV  
  15  0:38  SCV  
  15  0:39  Barracks  
  16  0:43  Refinery  
  16  0:50  SCV  
  17  1:03  SCV  
  18  1:15  SCV  
  19  1:26  Reaper  
  19  1:27  Orbital Command  
  20  1:38  Command Center  
  20  1:47  Supply Depot  
  20  1:52  SCV  
  21  1:58  Marine  
  22  2:04  SCV  
  22  2:06  Factory  
  23  2:12  Refinery  
  23  2:15  Bunker  
  23  2:19  SCV  
  23  2:21  Barracks Reactor  
  24  2:31  SCV  
  25  2:43  SCV  
  26  2:51  Starport, Orbital Command  
  26  2:52  Widow Mine  
  26  2:55  SCV  
  26  2:58  Marine x2  
  31  3:07  SCV  
  32  3:15  Widow Mine  
  32  3:17  SCV  
  32  3:18  Marine x2  
  38  3:20  SCV  
  38  3:25  Supply Depot  
  38  3:27  Medivac  
  38  3:30  Barracks  
  38  3:33  SCV x2  
  42  3:37  Widow Mine  
  42  3:40  Marine x2  
  46  3:46  SCV  
  46  3:47  SCV  
  47  3:50  Supply Depot  
  47  3:58  Marine x2, SCV  
  47  3:59  SCV, Starport Tech Lab  
  47  4:00  Factory Tech Lab  
  51  4:10  SCV  
  51  4:11  SCV  
  51  4:13  Supply Depot, Barracks  
  51  4:16  Marine x2  
  55  4:17  Raven  
  55  4:23  SCV x2  
  59  4:25  Marine, Stimpack  
  59  4:30  Engineering Bay  
  60  4:32  Refinery  
  60  4:35  SCV x2  
  62  4:39  Marine x2, Supply Depot  
  62  4:43  Marine  
  65  4:47  SCV x2  
  65  4:56  Supply Depot, Terran Infantry Weapons Level 1  
  65  4:59  SCV x2, Refinery  
  67  5:00  Marine x2  
  67  5:03  Factory Reactor  
  69  5:09  Starport Reactor  
  69  5:11  SCV, Marauder x2  
  69  5:12  SCV  
  75  5:16  Supply Depot  
  75  5:17  Marine  
  75  5:18  Marine, Combat Shield  
  77  5:22  Supply Depot  
  77  5:24  SCV x2  
  79  5:34  Marauder x2  
  83  5:35  Marine x2  
  83  5:42  Supply Depot  
  83  5:43  Widow Mine x2  
  83  5:46  Medivac  
  83  5:47  Medivac  
  91  5:53  Marine x2  
  91  5:55  Marauder x2  
  95  6:04  Widow Mine x2  
  95  6:10  Concussive Shells  
  99  6:11  Supply Depot  
  99  6:12  Marine x2  
  99  6:14  Command Center  
  101  6:20  Marauder x2  
  107  6:26  Widow Mine x2  
  107  6:30  Marine  
  110  6:33  Marine, Medivac, Supply Depot  
  110  6:34  Supply Depot  
  110  6:35  Medivac  
  115  6:42  SCV x2  
  113  6:51  Widow Mine  
  113  6:52  Widow Mine  
  112  6:57  SCV x2  
  112  7:00  Barracks  
  114  7:03  Medivac, Barracks  
  114  7:04  Medivac  
  118  7:11  Marine, Marauder x2  
  118  7:12  Marine  
  124  7:17  Widow Mine  
  124  7:18  Widow Mine  
  124  7:20  SCV x2  
  110  7:29  Orbital Command  
  98  7:32  SCV x2, Marauder  
  98  7:35  Marine x2  
  99  7:39  Widow Mine x2  
  97  7:49  Barracks Tech Lab  
  88  7:52  Marauder  
  88  7:53  Marine  
  88  7:54  Marine, Barracks Reactor, Marauder  
  87  8:00  Widow Mine x2  
  85  8:09  SCV  
Show
View Real Time Build Order
Export as new Build Order

IntoTheZoun Protoss - Winner!

Build Orders: 1 Gate Expand, Blink Stalkers 

Get SALT Encoding   

  12  0:00  Probe  
  13  0:12  Probe  
  14  0:17  Pylon  
  14  0:25  Probe (Chrono Boost)  
  16  0:37  Probe (Chrono Boost)  
  16  0:39  Gateway  
  16  0:42  Probe (Chrono Boost)  
  16  0:46  Assimilator  
  17  0:52  Probe  
  18  1:04  Probe  
  19  1:16  Probe  
  20  1:26  Cybernetics Core  
  20  1:32  Nexus  
  20  1:35  Probe  
  21  1:42  Pylon  
  21  1:47  Probe  
  21  1:51  Assimilator  
  22  1:59  Probe, Adept (Chrono Boost)  
  23  2:04  Warp Gate  
  25  2:11  Probe  
  26  2:20  Stalker (Chrono Boost)  
  28  2:23  Probe  
  28  2:29  Twilight Council  
  29  2:36  Probe (Chrono Boost)  
  30  2:46  Probe (Chrono Boost)  
  30  2:49  Stalker  
  34  2:53  Probe (Chrono Boost)  
  34  2:56  Probe (Chrono Boost)  
  35  3:00  Probe (Chrono Boost), Blink (Chrono Boost)  
  35  3:01  Probe (Chrono Boost)  
  37  3:13  Probe (Chrono Boost)  
  37  3:14  Probe (Chrono Boost)  
  39  3:20  Pylon  
  39  3:25  Probe (Chrono Boost)  
  41  3:30  Robotics Facility  
  41  3:31  Probe (Chrono Boost)  
  41  3:33  Probe (Chrono Boost)  
  42  3:38  Probe  
  42  3:40  Gateway  
  43  3:41  Probe  
  43  3:43  Gateway  
  44  3:50  Probe  
  44  3:52  Sentry  
  44  3:54  Probe, Pylon  
  48  4:05  Phoenix  
  48  4:08  Nexus  
  48  4:12  Pylon  
  48  4:13  Assimilator  
  48  4:14  Probe x2  
  50  4:17  Stalker  
  50  4:22  Observer  
  53  4:33  Probe x2  
  53  4:35  Stalker  
  53  4:37  Stalker  
  59  4:40  Stalker  
  59  4:45  Probe  
  62  4:58  Observer  
  63  5:00  Charge (Chrono Boost)  
  63  5:05  Probe x2  
  65  5:07  Gateway x2  
  65  5:10  Gateway  
  65  5:18  Probe x2, Gateway  
  65  5:20  Probe, Gateway  
  68  5:23  Sentry  
  70  5:29  Pylon  
  70  5:30  Probe x2  
  70  5:35  Observer  
  72  5:36  Warp Prism  
  74  5:43  Stalker  
  74  5:44  Sentry  
  74  5:46  Probe  
  74  5:47  Probe x2  
  81  5:50  Pylon  
  81  5:59  Pylon  
  81  6:00  Observer  
  81  6:01  Sentry  
  81  6:02  Zealot x2  
  87  6:09  Zealot x3  
  93  6:15  Zealot x2  
  93  6:18  Probe x2, Pylon  
  98  6:20  Pylon  
  98  6:25  Stalker x2  
  103  6:27  Stalker  
  103  6:32  Zealot, Stalker  
  107  6:37  Zealot  
  107  6:39  Zealot x2  
  110  6:58  Zealot x6  
  122  7:02  Pylon  
  122  7:03  Pylon  
  122  7:04  Zealot  
  122  7:06  Pylon  
  124  7:20  Zealot x4  
  116  7:25  Zealot  
  116  7:29  Probe  
  116  7:30  Probe x2  
  109  7:38  Stalker x3  
  109  7:39  Stalker  
  109  7:40  Sentry x3  
  109  7:41  Sentry  
  105  7:59  Zealot x4  
  105  8:03  Zealot  
  107  8:07  Zealot x3  
  97  8:17  Zealot x4  
  95  8:22  Robotics Bay, Zealot, Robotics Facility  
Tags
 
Add a new tag
Caveats
  • Supply blocks, unpowered buildings, or Contaminate may cause inaccurate times.
  • Supply counts are checked every 10 seconds.